 Dungeon Crawl Stone Soup version 0.29.1-15-g9cfb28693d (webtiles) character file.

Game seed: 18313886894796778601

8 protoss039 the Digger (level 2, 20/20 HPs)
             Began as a Demonspawn Earth Elementalist on Mar 19, 2023.
             Got out of the dungeon alive.
             The game lasted 00:00:40 (327 turns).

protoss039 the Digger (DsEE)                         Turns: 327, Time: 00:00:41

Health: 20/20      AC:  2    Str:  8    XL:     2   Next: 0%
Magic:  4/5        EV: 12    Int: 16    God:
Gold:   49         SH:  4    Dex: 13    Spells: 4/5 levels left

rFire   . . .      SeeInvis .   e - +0 dagger
rCold   . . .      Faith    .   (no shield)
rNeg    . . .      Spirit   .   a - +0 robe
rPois   .          Reflect  .   (no helmet)
rElec   .          Harm     .   (no cloak)
rCorr   .          Rampage  .   (no gloves)
Will    .....                   (no boots)
Stlth   ++........              (no amulet)
HPRegen 0.06/turn               (no ring)
MPRegen 0.09/turn               (no ring)

@: no status effects
A: condensation shield
a: no special abilities


You escaped.
You visited 1 branch of the dungeon, and saw 1 of its levels.

You collected 49 gold pieces.

Inventory:

Hand Weapons
 e - a +0 dagger (weapon)
Armour
 a - a +0 robe (worn)
Scrolls
 c - a scroll of identify {unknown}
 f - a scroll of amnesia {unknown}
 g - 2 scrolls of teleportation {unknown}
Potions
 b - a potion of magic
 d - 2 potions of flight {unknown}


   Skills:
 + Level 0.8 Fighting
 - Level 1.7 Dodging
 - Level 1.7 Stealth
 + Level 2.2 Spellcasting
 - Level 0.8 Transmutations
 + Level 2.9 Earth Magic


You had 4 spell levels left.
You knew the following spells:

 Your Spells              Type           Power      Damage    Failure   Level
a - Sandblast             Erth           22%        2d7       6%          1

Your spell library contained the following spells:

 Spells                   Type           Power      Damage    Failure   Level
 Passwall                 Tmut/Erth      5%         N/A       14%         2
 Blink                    Tloc           2%         N/A       30%         2
 Stone Arrow              Conj/Erth      12%        3d7       32%         3
 Petrify                  Tmut/Erth      7%         N/A       67%         4
 Anguish                  Hex/Necr       0%         N/A       90%         4
 Manifold Assault         Tloc           1%         N/A       99%         5
 Enfeeble                 Hex            0%         N/A       100%        7
 Storm Form               Tmut/Air       1%         N/A       100%        7


Dungeon Overview and Level Annotations

Branches:
Dungeon (1/15) Zot: 5666

Altars:

Shops:
D:1 ?


Innate Abilities, Weirdness & Mutations

A meltable shield of frost defends you. (SH +4)


Message History

Press: ? - help, Shift-Dir - straight line, f/p - quokka
Aim: a quokka (heavily wounded, 75% to hit)
The blast of sand hits the quokka.
You kill the quokka!
Your magical contamination has completely faded away.
Unknown command.
You start resting.
Magic restored.
HP restored.
f - a scroll labelled GIS OD LAZOA
d - 2 sedimented puce potions (gained 1)
g - 2 scrolls labelled RIAVIG USEUTS
Found a mace.
A goblin comes into view. It is wielding a +0 dagger.
Found a scale mail.
A goblin is nearby!
A goblin is nearby!
Casting: Sandblast (safe; 6% risk of failure)
Confirm with . or Enter, or press ? or * to list all spells.
Aiming: Sandblast (safe; 6% risk of failure)
Press: ? - help, Shift-Dir - straight line, f - goblin
Aim: a goblin, wielding a +0 dagger (77% to hit)
The blast of sand hits the goblin!
You kill the goblin!
You have reached level 2!
Your demonic ancestry asserts itself...
Frost condenses into a shield before you.
Casting: Sandblast (safe; 6% risk of failure)
Confirm with . or Enter, or press ? or * to list all spells.
Aiming: Sandblast (safe; 6% risk of failure)
Press: ? - help, Shift-Dir - straight line, f - you That would be overly suicidal.
Okay, then.
Unknown command.
You see here a +0 mace.
You enter the shallow water.
Moving in this stuff is going to be slow.
There is a staircase leading out of the dungeon here.
Are you sure you want to leave the Dungeon?
This will make you lose the game!
You have escaped!

....# #.# #.........# ....#
#######.####.........#
....###................)..##
........#################.#
...#.####≈≈≈≈≈≈≈≈≈≈≈≈≈≈≈#.#
#....# ≈≈≈≈≈.....≈≈≈≈≈#.#
##..## ≈≈....~~~....≈≈#.#
##..# ≈...~~~.~~~...≈#.#
....# ≈..~~..@.~~~.....#
.#..#####≈...~~~.~~~...≈#.#
.##.....#≈≈....~~~....≈≈#.#
#.#...#≈≈≈≈≈.....≈≈≈≈≈#.#
#(#...#≈≈≈≈≈≈≈.≈≈≈≈≈≈≈#.##
#.....########.########÷.#
### ##.......# #.. ##.# #..
##......# ##. #>####..
###......### ... #.......


There were no monsters in sight!

Vanquished Creatures
  2 goblins (D:1)
  A quokka (D:1)
  A ball python (D:1)
  A bat (D:1)
  A frilled lizard (D:1)
  3 rats (D:1)
9 creatures vanquished.

Notes
Turn   | Place    | Note
-------+----------+-------------------------------------------
     0 | D:1      | protoss039 the Demonspawn Earth Elementalist began the
                  | quest for the Orb.
     0 | D:1      | Reached XP level 1. HP: 13/13 MP: 3/3
    46 | D:1      | Found a faded altar of an unknown god.
    73 | D:1      | Found Natamiats's Magic Scroll Shoppe.
   307 | D:1      | Gained mutation: A meltable shield of frost defends you.
                  | (SH +4) [demonic ancestry]
   307 | D:1      | Reached XP level 2. HP: 20/20 MP: 3/5
   327 | D:$      | Got out of the dungeon alive.

Illustrated notes

Levels and vault maps discovered:
D:1:      dpeg_arrival_shrine, layout_rooms, serial_shops, shop_fountains,
          hellmonk_ecumenical_altar_crossroads,
          wander_ebering_terrifying_dragon_lair

Action                   || total
-------------------------++-------
 Cast: Sandblast         ||    11
Armor: Robe              ||     2
Dodge: Dodged            ||     3
